[Event "*** Titled Tuesday Blitz"]
[Site "Chess.com"]
[Date "2020.11.24"]
[Round "5"]
[White "OMGCovid-19"]
[Black "zala02"]
[Result "1-0"]
[WhiteElo "1869"]
[BlackElo "2148"]
[TimeControl "180+1"]
[EndTime "11:09:28 PST"]
[Termination "OMGCovid-19 won by resignation"]

1. e4 c5 2. Nc3 Nc6 3. Bc4 e5 4. f4 d6 5. Nf3 Be7 6. O-O Nf6 7. d3 Bg4 8. h3 Bxf3 9. Qxf3 O-O 10. Be3 exf4 11.
Bxf4 Nd4 12. Qf2 a6 13. Nd5 b5 14. Nxf6+ Bxf6 15. Bd5 Ra7 16. c3 Ne6 17. Bh2 b4 18. e5 dxe5 19. Bxe6 fxe6 20. Qxc5 bxc3 21. Qxa7 e4 22.
Qxa6 cxb2 23. Qxe6+ Kh8 24. Rab1 exd3 25. Be5 1-0

[Event "*** Titled Tuesday Blitz"]
[Site "Chess.com"]
[Date "2020.11.24"]
[Round "5"]
[White "WildTricks"]
[Black "Quiet_Desperation"]
[Result "1-0"]
[WhiteElo "2462"]
[BlackElo "1674"]
[TimeControl "180+1"]
[EndTime "11:09:35 PST"]
[Termination "WildTricks won by resignation"]

1. f4 e5 2. fxe5 d6 3. exd6 Bxd6 4. Nf3 g5 5. g3 g4 6. Nh4 Be7 7. Ng2 h5 8. d4 h4 9. Bf4 h3 10. Ne3 Nc6 11. Nc3 Bf6 12. Ned5 Bf5 13. e4 Bxe4 14. Nxc7+ Qxc7 15. Bxc7 Bxh1 16. Qxg4 Nh6 17. Qf4 Bxd4 18. O-O-O 1-0

[Event "*** Titled Tuesday Blitz"]
[Site "Chess.com"]
[Date "2020.11.24"]
[Round "5"]
[White "GAusal"]
[Black "kanzaww"]
[Result "0-1"]
[WhiteElo "2029"]
[BlackElo "2467"]
[TimeControl "180+1"]
[EndTime "11:09:37 PST"]
[Termination "kanzaww won by resignation"]

1. d4 d5 2. Bf4 Nf6 3. Nf3 c5 4. e3 Nc6 5. c3 Qb6 6. b3 Bf5 7.
Bd3 Bxd3 8. Qxd3 e6 9. Ne5 c4 10. bxc4 Qb2 11. cxd5 Nxd5 12. c4 Bb4+ 13. Kd1 Nxf4 14.
exf4 Qxa1 15. Ke2 Qxd4 16. Nxc6 Qxd3+ 17. Kxd3 bxc6 18. a3 O-O-O+ 19. Kc2 Bc5 20. Nc3 Rd4 21. g3 Rhd8 22. Kb3 Rd3 23. Rc1 Bxf2 24. Kb4 Be3 25.
Rc2 Bd2 26. Kb3 Bxc3 0-1

[Event "*** Titled Tuesday Blitz"]
[Site "Chess.com"]
[Date "2020.11.24"]
[Round "5"]
[White "Ranindu2003"]
[Black "Sacbutt"]
[Result "1-0"]
[WhiteElo "2546"]
[BlackElo "2292"]
[TimeControl "180+1"]
[EndTime "11:09:37 PST"]
[Termination "Ranindu2003 won by resignation"]

1. e4 d5 2. exd5 Qxd5 3. Nc3 Qd6 4. d4 c6 5. Nf3 Nf6 6. Ne5 Nbd7 7. f4 Nd5 8. Ne4 Qc7 9. c4 N5f6 10. Bd3 Nxe4 11. Bxe4 Nf6 12. Bf3 Bf5 13. O-O e6 14.
Re1 Be7 15. g4 Bg6 16. h4 h5 17. Nxg6 fxg6 18. g5 Ng4 19. Bxg4 hxg4 20. Qxg4 O-O-O 21. Qxe6+ Rd7 22. Qg4 Kb8 23. Be3 c5 24. d5 Bd6 25.
Bd2 Rf8 26. Re4 Rdf7 27. Rae1 a6 28. Re8+ Ka7 29. Rxf8 Rxf8 30. Re4 Qb6 31. b3 Qc7 32. Be3 b6 33. Qe6 Bxf4 34. Bxf4 Rxf4 35. d6 Qf7 36. Qxf7+ 1-0

[Event "*** Titled Tuesday Blitz"]
[Site "Chess.com"]
[Date "2020.11.24"]
[Round "5"]
[White "shaheus"]
[Black "OscarAng"]
[Result "0-1"]
[WhiteElo "2209"]
[BlackElo "2369"]
[TimeControl "180+1"]
[EndTime "11:09:39 PST"]
[Termination "OscarAng won by resignation"]

1. e4 d5 2. exd5 Qxd5 3. Nc3 Qa5 4. Nf3 c6 5. Be2 Nf6 6. O-O Bf5 7. b4 Qc7 8. a4 a6 9. Rb1 e6 10. b5 axb5 11. axb5 Be7 12. bxc6 Nxc6 13. Nb5 Qd7 14. d4 O-O 15. Nh4 Be4 16. f3 Bg6 17. Nxg6 hxg6 18. Kh1 Rfd8 19. c3 Ra2 20. Re1 Nd5 21. Qb3 Rda8 22.
c4 Nc7 23. Nxc7 Qxc7 24. Rd1 Rxe2 25. Qxb7 Qxb7 26. Rxb7 Bf6 27. d5 exd5 28. cxd5 Rd8 29. Bf4 Rxd5 30. Rbb1 Rxd1+ 31. Rxd1 Be5 32. Bxe5 Nxe5 33.
Kg1 Nc4 34. h4 Rxg2+ 0-1

[Event "*** Titled Tuesday Blitz"]
[Site "Chess.com"]
[Date "2020.11.24"]
[Round "5"]
[White "FearNoEvil12"]
[Black "Vi_Los"]
[Result "0-1"]
[WhiteElo "2151"]
[BlackElo "2356"]
[TimeControl "180+1"]
[EndTime "11:09:48 PST"]
[Termination "Vi_Los won by resignation"]

1. e4 e5 2. d4 exd4 3. Bc4 d6 4. Nf3 Nc6 5. Nxd4 Nxd4 6. Qxd4 Nf6 7. Nc3 Be7 8. h3 O-O 9. g4 Be6 10. g5 Nh5 11. f4 Bxc4 12. Qxc4 Re8 13. Be3 a6 14. O-O-O b5 15. Qd3 g6 16. h4 Bf8 17. Rdg1 Bg7 18. Ne2 Qe7 19. Ng3 Nxg3 20. Rxg3 Qxe4 21. Qxe4 Rxe4 22. h5 Rae8 23. Bd2 Re2 24. hxg6 hxg6 25. Rgh3 Kf8 26. Rh8+ Bxh8 27. Rxh8+ Ke7 28. Rh3 Rf2 29. Bc3 Kd7 30. b3 Ree2 31. Kb1 Rxc2 32. Bf6 Rh2 33. Re3 Rce2 0-1

[Event "*** Titled Tuesday Blitz"]
[Site "Chess.com"]
[Date "2020.11.24"]
[Round "5"]
[White "BikingBrian"]
[Black "KetiGrant"]
[Result "0-1"]
[WhiteElo "2251"]
[BlackElo "2409"]
[TimeControl "180+1"]
[EndTime "11:09:52 PST"]
[Termination "KetiGrant won by resignation"]

1. d4 Nf6 2. Bg5 c5 3. Nc3 cxd4 4. Qxd4 Nc6 5. Qh4 Qb6 6. O-O-O d6 7. e4 Be6 8. Bxf6 gxf6 9. f4 f5 10. Bd3 Bg7 11.
Nge2 Bxa2 12. exf5 O-O-O 13. b3 Bxb3 14. cxb3 Qxb3 15.
Bc2 Qa3+ 16. Kd2 Kb8 17. Ra1 Qc5 18. Qg3 Rhg8 19. Qd3 Nb4 20. Qb5 Bxc3+ 21. Nxc3 Rxg2+ 22. Kd1 Qxc3 0-1

[Event "*** Titled Tuesday Blitz"]
[Site "Chess.com"]
[Date "2020.11.24"]
[Round "5"]
[White "VladimirBugayev"]
[Black "PattyCastillo"]
[Result "1-0"]
[WhiteElo "2316"]
[BlackElo "2046"]
[TimeControl "180+1"]
[EndTime "11:09:53 PST"]
[Termination "VladimirBugayev won by checkmate"]

1. e4 c5 2. Nc3 d6 3. f4 Nf6 4. Nf3 g6 5. Bc4 Bg7 6. O-O O-O 7. d3 Nc6 8. Qe1 e6 9. f5 Nd4 10. Nxd4 cxd4 11. Ne2 Ng4 12. Qg3 Ne3 13. Bxe3 dxe3 14. fxg6 hxg6 15. c3 d5 16. Bb3 d4 17. cxd4 Bxd4 18.
Rab1 Kg7 19. e5 f6 20. exf6+ Rxf6 21. Rxf6 Qxf6 22. Rf1 Qe5 23. Qg4 Bxb2 24. d4 Qh5 25. Qf4 Qxe2 26. Qf8+ Kh7 27. Rf7# 1-0

[Event "*** Titled Tuesday Blitz"]
[Site "Chess.com"]
[Date "2020.11.24"]
[Round "5"]
[White "Mr_Heisenberg13"]
[Black "sjam6687"]
[Result "1/2-1/2"]
[WhiteElo "2523"]
[BlackElo "2793"]
[TimeControl "180+1"]
[EndTime "11:09:55 PST"]
[Termination "Game drawn by agreement"]

1. e4 e5 2. Nf3 Nc6 3. Bb5 a6 4. Ba4 d6 5. O-O Bd7 6. d4 Nf6 7. Nc3 b5 8. dxe5 dxe5 9. Bb3 Bd6 10. a4 h6 11. axb5 axb5 12. Rxa8 Qxa8 13. Nxb5 Qb8 14. Nxd6+ cxd6 15. Re1 O-O 16. c3 Be6 17. Bxe6 fxe6 18.
Qa4 Qb7 19. Rd1 d5 20. exd5 exd5 21. Re1 e4 22. Nd4 Ne5 23. Qb5 Qxb5 24. Nxb5 Rb8 25.
Nc7 Nd3 26. Rd1 Nxc1 27. Rxc1 Rxb2 28. h3 Kf7 29. Rd1 Rc2 30. Nxd5 Nxd5 31. Rxd5 Rxc3 32. Rd6 e3 33. fxe3 Rxe3 34. Kf2 Rb3 35. Rc6 1/2-1/2

[Event "*** Titled Tuesday Blitz"]
[Site "Chess.com"]
[Date "2020.11.24"]
[Round "5"]
[White "Szparu"]
[Black "sbouchet"]
[Result "1-0"]
[WhiteElo "2500"]
[BlackElo "2317"]
[TimeControl "180+1"]
[EndTime "11:09:55 PST"]
[Termination "Szparu won by resignation"]

1. e4 c5 2. Nf3 g6 3. c3 Bg7 4.
d4 cxd4 5. cxd4 d5 6. e5 Nc6 7. h3 Nh6 8. Nc3 O-O 9. Bb5 Rb8 10. O-O Nf5 11. g4 Nh6 12. Bf4 f6 13. Bxc6 bxc6 14. exf6 exf6 15. Bxb8 Ba6 16. Bf4 Bxf1 17. Kxf1 f5 18. Bxh6 Bxh6 19. Ne5 fxg4 20. Qxg4 Be3 21. Nd1 Bh6 22. Qe6+ Kg7 23. Qd7+ Qxd7 24. Nxd7 Rf4 25. Nc5 Rxd4 26. Ne6+ 1-0

[Event "*** Titled Tuesday Blitz"]
[Site "Chess.com"]
[Date "2020.11.24"]
[Round "5"]
[White "RTFrancisco"]
[Black "26andrej26"]
[Result "1-0"]
[WhiteElo "2448"]
[BlackElo "2503"]
[TimeControl "180+1"]
[EndTime "11:09:55 PST"]
[Termination "RTFrancisco won by resignation"]

1. c4 Nf6 2. g3 g6 3. Bg2 Bg7 4. Nc3 d6 5. e4 O-O 6. Nge2 c5 7. d3 Nc6 8. O-O Bg4 9. h3 Bxe2 10.
Qxe2 Ne8 11. Kh2 Nc7 12. f4 Ne6 13. f5 Ned4 14. Qg4 a6 15. Qh4 Ne5 16. Nd5 Ndc6 17. Bh6 Nxd3 18. Bxg7 Kxg7 19. Nxe7 Nde5 20. f6+ Kh8 21.
Rf4 Rg8 22. Qxh7+ 1-0

[Event "*** Titled Tuesday Blitz"]
[Site "Chess.com"]
[Date "2020.11.24"]
[Round "5"]
[White "dretch"]
[Black "Marty435"]
[Result "1-0"]
[WhiteElo "2794"]
[BlackElo "2533"]
[TimeControl "180+1"]
[EndTime "11:09:56 PST"]
[Termination "dretch won on time"]

1. d4 Nf6 2. c4 e6 3. Nc3 d5 4.
cxd5 exd5 5. Bg5 c6 6. e3 Bd6 7. Bd3 O-O 8. Qc2 h6 9. Bh4 Re8 10. Nf3 Be6 11. Ne5 a5 12. f4 Na6 13. Bh7+ Kf8 14. O-O Nb4 15. Qe2 g5 16. fxg5 Nxh7 17. Nxf7 Bxf7 18. Qh5 Nf6 19. Qxh6+ Kg8 20. g6 1-0

[Event "*** Titled Tuesday Blitz"]
[Site "Chess.com"]
[Date "2020.11.24"]
[Round "5"]
[White "ajedrezhoy"]
[Black "TheKingDoctor"]
[Result "0-1"]
[WhiteElo "2208"]
[BlackElo "2121"]
[TimeControl "180+1"]
[EndTime "11:10:01 PST"]
[Termination "TheKingDoctor won by resignation"]

1. d4 Nf6 2. c4 g6 3. Nc3 Bg7 4. e4 d6 5. Nf3 O-O 6. Be2 Qe8 7. O-O e5 8. d5 Nfd7 9. b4 h6 10. Rb1 f5 11. g3 f4 12. Nb5 Na6 13. a3 g5 14. Nd2 Nf6 15. f3 Bh3 16. Rf2 fxg3 17. hxg3 Nh5 18. Kh2 Nxg3 19. Kxg3 Qh5 20. Kh2 Qh4 21. Qe1 g4 22. Nf1 Bxf1+ 23. Kg1 Bh3 24. Rh2 Qxe1+ 0-1

[Event "*** Titled Tuesday Blitz"]
[Site "Chess.com"]
[Date "2020.11.24"]
[Round "5"]
[White "Sjakkerntobi"]
[Black "jacky72"]
[Result "0-1"]
[WhiteElo "2361"]
[BlackElo "2693"]
[TimeControl "180+1"]
[EndTime "11:10:05 PST"]
[Termination "jacky72 won by resignation"]

1. e4 e5 2. Nf3 Nc6 3. Bb5 a6 4. Ba4 Nf6 5. O-O Be7 6. Re1 b5 7.
Bb3 O-O 8. a4 Rb8 9. d3 d5 10.
exd5 Nxd5 11. Nbd2 Bg4 12. axb5 axb5 13. Nf1 Nd4 14.
Rxe5 c6 15. Re4 Nxf3+ 16. gxf3 Bf5 17. Re1 Bc5 18. Be3 Bd6 19. Bxd5 cxd5 20. f4 Qh4 21. Qf3 d4 22. Bd2 Rbc8 23. Rec1 Rfe8 24. Ng3 Bh3 25. Ne4 Re6 26. Ng5 Rg6 27. Kh1 Bd7 28. Qg2 Bxf4 29. Bxf4 Qxf4 30. Nh3 Qh4 31. Qe4 Bc6 32. Qxc6 Rgxc6 33. Ra8 0-1

[Event "*** Titled Tuesday Blitz"]
[Site "Chess.com"]
[Date "2020.11.24"]
[Round "5"]
[White "mc4chess"]
[Black "nicolevalladar"]
[Result "1-0"]
[WhiteElo "2462"]
[BlackElo "1594"]
[TimeControl "180+1"]
[EndTime "11:10:06 PST"]
[Termination "mc4chess won by resignation"]

1. Nf3 Nf6 2. c4 e6 3. g3 c6 4. Bg2 d5 5. b3 Be7 6. O-O O-O 7. Bb2 dxc4 8. bxc4 Nbd7 9. d3 Re8 10.
Nc3 Nf8 11. a4 Ng6 12. a5 Qc7 13. Qb3 Bd7 14. Rfc1 e5 15. Nd2 Rab8 16. Ba3 Qc8 17. Nde4 Nxe4 18. Nxe4 Bh3 19. Bf3 Bg4 20. Bd6 Ra8 21.
c5 Bxf3 22. exf3 Qh3 23. Qxb7 Rab8 24. Qxc6 Nf4 25. gxf4 Qxf3 26. Nf6+ 1-0

[Event "*** Titled Tuesday Blitz"]
[Site "Chess.com"]
[Date "2020.11.24"]
[Round "5"]
[White "JozefKneht"]
[Black "bait_or_mate"]
[Result "0-1"]
[WhiteElo "2359"]
[BlackElo "2598"]
[TimeControl "180+1"]
[EndTime "11:10:06 PST"]
[Termination "bait_or_mate won by resignation"]

1. d4 Nf6 2. c4 e6 3. Nc3 Bb4 4. e3 O-O 5. Bd3 d5 6. Ne2 Re8 7. O-O b6 8. a3 Bf8 9. cxd5 exd5 10.
f3 c5 11. Bd2 Nc6 12. Rc1 Bb7 13.
g4 cxd4 14. exd4 Rc8 15. Kg2 Na5 16. Bb1 g6 17. Bg5 Nc4 18. Qb3 Ne3+ 19. Bxe3 Rxe3 20. Nf4 Bd6 21. Nd3 Nxg4 22. fxg4 Qh4 23. Ne5 Bxe5 24. dxe5 Qxg4+ 25. Kf2 Rcxc3 0-1

[Event "*** Titled Tuesday Blitz"]
[Site "Chess.com"]
[Date "2020.11.24"]
[Round "5"]
[White "Grandelicious"]
[Black "anon219"]
[Result "1-0"]
[WhiteElo "2843"]
[BlackElo "2777"]
[TimeControl "180+1"]
[EndTime "11:10:08 PST"]
[Termination "Grandelicious won by resignation"]

1. Nf3 d5 2. g3 Nf6 3. Bg2 c5 4. O-O e6 5. c4 d4 6. d3 Nc6 7.
e4 Be7 8. e5 Nd7 9. Re1 Qc7 10.
Bf4 Nf8 11. Qe2 Ng6 12. Bc1 f6 13. exf6 gxf6 14. Nbd2 e5 15. a3 Be6 16. Ne4 O-O-O 17. b4 cxb4 18. axb4 Bxb4 19. Bd2 Be7 20. Reb1 h6 21.
Rb5 a6 22. Nc5 Bd6 23. Nxe6 Qd7 24. Nxd8 axb5 25. Nxc6 bxc6 26. cxb5 1-0

[Event "*** Titled Tuesday Blitz"]
[Site "Chess.com"]
[Date "2020.11.24"]
[Round "5"]
[White "kingofthenil"]
[Black "biostatistician"]
[Result "1-0"]
[WhiteElo "2768"]
[BlackElo "2546"]
[TimeControl "180+1"]
[EndTime "11:10:08 PST"]
[Termination "kingofthenil won by resignation"]

1. e4 e6 2. d4 d5 3. e5 b6 4. f4 Nh6 5. Nf3 Nf5 6. c3 Qd7 7.
g4 Nh6 8. h3 Ba6 9. Bxa6 Nxa6 10. O-O c5 11. Qe2 Nb8 12. Be3 Nc6 13. Nbd2 Be7 14.
Kh1 f6 15. exf6 gxf6 16. f5 Nf7 17. fxe6 Qxe6 18. Rae1 O-O 19. Nh4 cxd4 20. cxd4 Rae8 21. Nf5 Bb4 22. Qf3 Ng5 23. Bxg5 Qxe1 24. Nh6+ Kg7 25.
Bxf6+ Kxh6 26. Qf4+ Kg6 27. Qg5+ Kf7 28. Qg7+ Ke6 29. Rxe1+ Kd6 30. Rxe8 Rxe8 31. Nf3 1-0

[Event "*** Titled Tuesday Blitz"]
[Site "Chess.com"]
[Date "2020.11.24"]
[Round "5"]
[White "Kaua18"]
[Black "bratkoo"]
[Result "0-1"]
[WhiteElo "2347"]
[BlackElo "2509"]
[TimeControl "180+1"]
[EndTime "11:10:13 PST"]
[Termination "bratkoo won on time"]

1. e4 g6 2. d4 Bg7 3. Nc3 d6 4. Be3 a6 5. f3 b5 6. Qd2 Nd7 7. h4 h5 8. Nh3 Bb7 9. Ng5 c5 10. a4 b4 11. Nd5 e6 12. Nf4 Qe7 13. d5 Bxb2 14. Qd1 e5 15. Nfh3 Bxa1 16. Qxa1 Ngf6 17.
Kf2 O-O 18. Be2 a5 19. g4 hxg4 20. fxg4 Nxe4+ 21. Nxe4 Bxd5 22. Bf3 f5 23. Bg5 Qe6 24. gxf5 Qxf5 25. Ng1 Bxe4 26. Qd1 Bxf3 27. Nxf3 e4 0-1

[Event "*** Titled Tuesday Blitz"]
[Site "Chess.com"]
[Date "2020.11.24"]
[Round "5"]
[White "RestartingChess"]
[Black "guillembaches"]
[Result "1-0"]
[WhiteElo "2556"]
[BlackElo "2394"]
[TimeControl "180+1"]
[EndTime "11:10:17 PST"]
[Termination "RestartingChess won by resignation"]

1. e4 c5 2. Nf3 d6 3. Bb5+ Bd7 4.
c4 e5 5. Nc3 Ne7 6. d3 h6 7. h3 g6 8. Be3 Bg7 9. Qd2 Nbc6 10.
Nd5 Nxd5 11. cxd5 Nd4 12. Bxd7+ Qxd7 13. Bxd4 cxd4 14. Qb4 O-O 15. O-O f5 16. Nd2 f4 17.
f3 g5 18. Rac1 h5 19. Rc4 g4 20. hxg4 hxg4 21. fxg4 Rf6 22. g5 Rg6 23. Nf3 Qg4 24. Qxb7 Rf8 25. Rf2 Rf7 26. Qc8+ Bf8 27. Qxg4 1-0

[Event "*** Titled Tuesday Blitz"]
[Site "Chess.com"]
[Date "2020.11.24"]
[Round "5"]
[White "GMaka"]
[Black "EvgenyRomanov"]
[Result "0-1"]
[WhiteElo "2420"]
[BlackElo "2584"]
[TimeControl "180+1"]
[EndTime "11:10:18 PST"]
[Termination "EvgenyRomanov won by resignation"]

1. d4 d5 2. c4 e6 3. Nc3 Bb4 4. a3 Bxc3+ 5. bxc3 b6 6. e4 dxe4 7. Qg4 Nf6 8. Qxg7 Rg8 9. Qh6 Nbd7 10. g3 Bb7 11. Bg2 c5 12. Ne2 Qc7 13. Bf4 Qc6 14.
d5 exd5 15. cxd5 Qb5 16. d6 Ba6 17. Bf1 Rg6 18. Qh3 Qb2 19. Rd1 O-O-O 20. Qf5 Re8 21. Rd2 Qxa3 22. Bg2 Qa1+ 23. Rd1 Qa4 24. Qd5 Nxd5 0-1

[Event "*** Titled Tuesday Blitz"]
[Site "Chess.com"]
[Date "2020.11.24"]
[Round "5"]
[White "BocharovD"]
[Black "Shahinyan_ChessMood"]
[Result "1-0"]
[WhiteElo "2811"]
[BlackElo "2840"]
[TimeControl "180+1"]
[EndTime "11:10:19 PST"]
[Termination "BocharovD won by resignation"]

1. c4 Nf6 2. Nf3 c5 3. g3 g6 4. Bg2 Bg7 5. d4 O-O 6. Nc3 d6 7. O-O Nc6 8. dxc5 dxc5 9. Bf4 Qa5 10. Bd2 Qc7 11. Qc1 Rd8 12. Bf4 e5 13. Bg5 Nd4 14.
Nd2 Be6 15. e3 Nf5 16. Nde4 Qe7 17. b3 Rab8 18. Qa3 b6 19. Nxf6+ Bxf6 20. Bxf6 Qxf6 21. Qxa7 Qg7 22. Rad1 Nd6 23. Rxd6 1-0

[Event "*** Titled Tuesday Blitz"]
[Site "Chess.com"]
[Date "2020.11.24"]
[Round "5"]
[White "hermionegrangermagic"]
[Black "Shankland"]
[Result "0-1"]
[WhiteElo "2590"]
[BlackElo "2895"]
[TimeControl "180+1"]
[EndTime "11:10:20 PST"]
[Termination "Shankland won by resignation"]

1. e4 c6 2. d4 d5 3. exd5 cxd5 4. c4 Nf6 5. Nc3 g6 6. Qb3 Bg7 7. cxd5 O-O 8. g3 e6 9. d6 Nc6 10. Nge2 Qxd6 11. Be3 Bd7 12. Bg2 Na5 13. Qc2 Bc6 14.
O-O Rac8 15. Rfd1 Bxg2 16. Kxg2 Nd5 17. Nf4 Nxe3+ 18. fxe3 Nc4 19. Qe2 e5 20. Nfd5 exd4 21.
exd4 Rfe8 22. Qf2 b5 23. a3 a5 24. Rf1 f5 25. b3 Ne3+ 26. Nxe3 Rxc3 27. Nc2 Qc6+ 28.
d5 Qxd5+ 29. Kh3 f4 30. Rad1 Qf5+ 31. Kg2 Rxc2 32. Rd2 Rxd2 33. Qxd2 Qe4+ 0-1

[Event "*** Titled Tuesday Blitz"]
[Site "Chess.com"]
[Date "2020.11.24"]
[Round "5"]
[White "No_t_ime_to_die"]
[Black "PawnEatingZombie"]
[Result "1-0"]
[WhiteElo "2420"]
[BlackElo "2256"]
[TimeControl "180+1"]
[EndTime "11:10:20 PST"]
[Termination "No_t_ime_to_die won on time"]

1. e4 c6 2. d4 d5 3. f3 Qb6 4. Nc3 dxe4 5. fxe4 e5 6. Nf3 exd4 7. Nxd4 Nf6 8. e5 Ng4 9. Bf4 Qxb2 10. Ne4 Bb4+ 11. Ke2 O-O 12. Rb1 Qa3 13. Qd3 Nd7 14. e6 Nde5 15. Qxa3 Bxa3 16. Rb3 Be7 17. Nf5 Bf6 18. h3 Bxe6 19. hxg4 Bxb3 20. axb3 Ng6 21. Nxf6+ gxf6 22. Bd6 Rfe8+ 23. Kf2 Rad8 24. Bd3 Re6 25. Bc5 Ne5 26. Nh6+ Kg7 27. Bxh7 Kxh7 28. Nxf7+ Kg7 29. Nxd8 Nxg4+ 30. Kg3 Re5 31. Kxg4 Rxc5 32. Ne6+ 1-0

[Event "*** Titled Tuesday Blitz"]
[Site "Chess.com"]
[Date "2020.11.24"]
[Round "5"]
[White "SanchezKelvin"]
[Black "romulocardoso"]
[Result "0-1"]
[WhiteElo "2452"]
[BlackElo "2143"]
[TimeControl "180+1"]
[EndTime "11:10:23 PST"]
[Termination "romulocardoso won on time"]

1. d4 Nf6 2. c4 e6 3. Nf3 Bb4+ 4. Nbd2 Be7 5. e4 d5 6. Bd3 dxe4 7. Nxe4 O-O 8. Qe2 Nc6 9. Be3 b6 10. Bd2 Nxd4 11. Nxf6+ Bxf6 12. Qe4 Nxf3+ 13. gxf3 g6 14. Bh6 Bb7 15. Qxb7 Qxd3 16. Rd1 Qxc4 17. Bxf8 Rxf8 18.
Qe4 Qxa2 19. O-O Qxb2 20. Rd7 Qe5 21. Rc1 Qxe4 22. fxe4 Be5 23. Kf1 a5 24. Rc4 Rb8 25.
Ke2 b5 26. Rc5 Bd6 27. Rc6 a4 28. Ra6 a3 29. e5 Bxe5 30. Rxa3 b4 31. Ra5 b3 0-1

[Event "*** Titled Tuesday Blitz"]
[Site "Chess.com"]
[Date "2020.11.24"]
[Round "5"]
[White "Lestofante90"]
[Black "IrishMonkey"]
[Result "1-0"]
[WhiteElo "2804"]
[BlackElo "2564"]
[TimeControl "180+1"]
[EndTime "11:10:26 PST"]
[Termination "Lestofante90 won by resignation"]

1. e4 e5 2. Nf3 Nc6 3. Bb5 Nf6 4. d3 Bc5 5. c3 d6 6. O-O O-O 7.
Nbd2 Be6 8. Re1 a6 9. Ba4 b5 10. Bc2 Ng4 11. Re2 Bxf2+ 12. Rxf2 Ne3 13. Qe2 Nxc2 14. Rb1 Bxa2 15. b3 N2d4 16. cxd4 Bxb1 17. d5 Bc2 18. dxc6 Qe8 19. d4 f6 20. d5 Qh5 21. Nf1 Bxb3 22. Ng3 Qg4 23. Nf5 Rab8 24. h3 Qh5 25. g4 Qe8 26. h4 h5 27. gxh5 Rf7 28. Rg2 Bc4 29. Qe3 Qd8 30. Nxg7 Rxg7 31. Rxg7+ Kxg7 32. Qh6+ Kg8 33. Qg6+ Kh8 34. Bg5 fxg5 35.
Nxg5 Qe7 36. Nf7+ 1-0

[Event "*** Titled Tuesday Blitz"]
[Site "Chess.com"]
[Date "2020.11.24"]
[Round "5"]
[White "Nara_Kh"]
[Black "BebeBonito2022"]
[Result "1/2-1/2"]
[WhiteElo "2377"]
[BlackElo "2107"]
[TimeControl "180+1"]
[EndTime "11:10:28 PST"]
[Termination "Game drawn by repetition"]

1. e4 e5 2. Nf3 Nc6 3. Bb5 a6 4. Ba4 Nf6 5. O-O b5 6. Bb3 Be7 7. d3 d6 8. a4 Na5 9. Ba2 Be6 10.
Bxe6 fxe6 11. Ng5 Qd7 12. b4 h6 13. bxa5 hxg5 14. Bxg5 bxa4 15. Nc3 O-O 16. Nxa4 Rab8 17.
c4 Rb4 18. Bd2 Rb7 19. f4 Rfb8 20. fxe5 dxe5 21. Bg5 Rb3 22. Bxf6 Bxf6 23. Qg4 Qxd3 24. Kh1 Rb1 25. Qxe6+ Kh8 26. Raxb1 Rxb1 27. Qe8+ Kh7 28. Qh5+ Kg8 29. Qe8+ Kh7 30. Qh5+ Kg8 31. Qe8+ Kh7 1/2-1/2

[Event "*** Titled Tuesday Blitz"]
[Site "Chess.com"]
[Date "2020.11.24"]
[Round "5"]
[White "Caisachess"]
[Black "EdmundPlayer"]
[Result "1-0"]
[WhiteElo "2390"]
[BlackElo "2144"]
[TimeControl "180+1"]
[EndTime "11:10:29 PST"]
[Termination "Caisachess won by resignation"]

1. e4 e5 2. Nc3 Nf6 3. f4 d5 4. fxe5 Nxe4 5. Qf3 Nxc3 6. bxc3 Be7 7. d4 Be6 8. Bd3 c5 9. Ne2 Nc6 10. O-O Qb6 11.
Be3 g6 12. Rab1 Qc7 13. Nf4 O-O-O 14. Nxe6 fxe6 15. Qg4 Qd7 16. Bb5 Rdf8 17. Rbd1 c4 18. Bxc6 Qxc6 19. Bg5 Bxg5 20. Qxg5 Rf5 21. Rxf5 gxf5 22.
Qg7 Qe8 23. Rb1 Kd8 24. Rxb7 1-0

[Event "*** Titled Tuesday Blitz"]
[Site "Chess.com"]
[Date "2020.11.24"]
[Round "5"]
[White "szachuspl"]
[Black "Training_Day"]
[Result "1-0"]
[WhiteElo "2499"]
[BlackElo "2345"]
[TimeControl "180+1"]
[EndTime "11:10:30 PST"]
[Termination "szachuspl won by resignation"]

1. d4 d5 2. c4 c6 3. Nf3 Nf6 4. e3 Bg4 5. Nbd2 e6 6. Qb3 Qb6 7. Bd3 Nbd7 8. O-O Qxb3 9. axb3 a6 10. h3 Bxf3 11. gxf3 Bd6 12. e4 e5 13. f4 dxe4 14.
fxe5 exd3 15. exd6 O-O-O 16. Nf3 Ne4 17. Bf4 c5 18. b4 cxb4 19. Rfd1 Nb6 20. Rxd3 Nxc4 21. Rc1 b5 22. b3 Nxd6 23. Bxd6 Rxd6 24. bxc4 bxc4 25.
Rxc4+ Kb7 26. Rxb4+ Rb6 27. Rdb3 Rxb4 28. Rxb4+ Kc7 29.
Kf1 f6 30. Ke2 a5 31. Rb1 a4 32. Kd3 Ra8 33. Nd2 Kd6 34. Ra1 Ke6 35. Nc4 Kf5 36. Nb6 Ra6 37. Nxa4 Kf4 38. Kc4 Kf3 39. Ra2 Rc6+ 40.
Kd3 Rc1 41. Nc3 Rh1 42. d5 Rxh3 43. Kd4 Rh4+ 44. Kc5 Rh5 45. Kc6 g5 46. d6 g4 47.
d7 1-0

[Event "*** Titled Tuesday Blitz"]
[Site "Chess.com"]
[Date "2020.11.24"]
[Round "5"]
[White "IriBu"]
[Black "Nemsko"]
[Result "1-0"]
[WhiteElo "2505"]
[BlackElo "2353"]
[TimeControl "180+1"]
[EndTime "11:10:31 PST"]
[Termination "IriBu won by resignation"]

1. e4 e5 2. Nf3 Nc6 3. d4 exd4 4. Bc4 Nf6 5. O-O d6 6. Nxd4 Be7 7. Nc3 O-O 8. h3 Nxd4 9. Qxd4 Be6 10. Rd1 a6 11. a4 Qc8 12. b3 Bxc4 13. Qxc4 Qe6 14. Qe2 c6 15. Qf3 Nd7 16. Bb2 Bf6 17. Qg3 Qe5 18.
f4 Qc5+ 19. Kh1 Rad8 20. Rd3 b5 21. Rad1 b4 22. e5 dxe5 23. Ne4 Qe7 24. Rxd7 Rxd7 25. Nxf6+ Qxf6 26. Rxd7 Qf5 27. Bxe5 g6 28. Rd2 Qe4 29. Kh2 f6 30. Bb2 Re8 31. Bxf6 Re6 32. Be5 Qe3 1-0

[Event "*** Titled Tuesday Blitz"]
[Site "Chess.com"]
[Date "2020.11.24"]
[Round "5"]
[White "Zajdanek"]
[Black "JiiHart"]
[Result "0-1"]
[WhiteElo "2307"]
[BlackElo "2082"]
[TimeControl "180+1"]
[EndTime "11:10:31 PST"]
[Termination "JiiHart won by checkmate"]

1. e4 c5 2. Nc3 Nc6 3. f4 e6 4. Bc4 a6 5. a4 d6 6. Nf3 Nf6 7. d3 d5 8. Bb3 dxe4 9. dxe4 Qxd1+ 10. Kxd1 Be7 11. e5 Ng4 12. Ke2 Bd7 13. h3 Nh6 14. g4 O-O-O 15. Be3 f6 16. exf6 gxf6 17. Ne4 b6 18. a5 Nxa5 19. Nxc5 Bxc5 20. Bxc5 Nxb3 21. cxb3 bxc5 22. Rhc1 Bb5+ 23. Kf2 Rd5 24. b4 Kb7 25. bxc5 Rc8 26. b4 e5 27. fxe5 fxe5 28. Re1 Nf7 29.
Re4 Bc6 30. Re3 Rf8 31. Kg3 e4 32. Nh4 Rd3 33. Re1 Rfd8 34. Nf5 Rxe3+ 35. Nxe3 Rd4 36. Rb1 Ne5 37. Kf4 Nd3+ 38. Kf5 Rxb4 39. Rf1 Rb5 40. Ke6 Rxc5 41. Kd6 Rc1 42. Rf7+ Kb6 43. Rxh7 a5 44. Rc7 a4 45. g5 a3 46. g6 a2 47. g7 a1=Q 48.
g8=Q Qe5# 0-1